 Dungeon Crawl Stone Soup version 0.26-a0-84-g8c18429211 (webtiles) character file.

Game seed: 15968869139569120183

37 MarredHen the Shooter (level 3, -1/18 HPs)
             Began as a Spriggan Hunter on June 18, 2020.
             Slain by a goblin (3 damage)
             ... led by Robin
             ... on level 1 of the Dungeon.
             The game lasted 00:01:22 (1374 turns).

MarredHen the Shooter (Spriggan Hunter)             Turns: 1374, Time: 00:01:23

Health: -1/18      AC:  2    Str:  8    XL:     3   Next: 23%
Magic:  4/4        EV: 18    Int: 12    God:
Gold:   19         SH:  0    Dex: 17    Spells: 2/2 levels left

rFire    . . .     SeeInvis +   a - +1 shortbow
rCold    . . .     Gourm    .   (shield currently unavailable)
rNeg     . . .     Faith    .   c - +0 robe
rPois    .         Spirit   .   (helmet restricted)
rElec    .         Reflect  .   (no cloak)
rCorr    .         Harm     .   (gloves unavailable)
MR       .....                  (boots unavailable)
Stlth    ++........             (no amulet)
HPRegen  0.06/turn              (no ring)
MPRegen  0.09/turn              (no ring)

@: very quick
A: very small, unfitting armour, see invisible, herbivore, speed 3, slow
metabolism 2
a: no special abilities


You were on level 1 of the Dungeon.
You were not hungry.

You visited 1 branch of the dungeon, and saw 2 of its levels.

You collected 19 gold pieces.

Inventory:

Hand Weapons
 a - a +1 shortbow (weapon)
 b - a +0 short sword
Missiles
 d - 25 arrows (quivered)
Armour
 c - a +0 robe (worn)
Scrolls
 e - a scroll of remove curse {unknown}
 g - 4 scrolls of teleportation {unknown}
 i - 3 scrolls of noise {unknown}
 k - 3 scrolls of enchant armour {unknown}
 l - a scroll of identify {unknown}
Potions
 h - a potion of haste {unknown}
 j - a potion of mutation {unknown}
Comestibles
 f - 2 rations


   Skills:
 + Level 1.9 Fighting
 + Level 5.9 Bows
 + Level 3.0 Dodging
 + Level 1.7 Stealth


You had 2 spell levels left.
You didn't know any spells.
Your spell library was empty.

Dungeon Overview and Level Annotations

Branches:
Dungeon (2/15)

Altars:

Annotations:
D:1 Robin


Innate Abilities, Weirdness & Mutations

You are very small and have problems with some larger weapons.
You are too small for most types of armour.
You have supernaturally acute eyesight. (SInv)
You are a herbivore.
You cover ground extremely quickly.
You need to consume almost no food.


Message History

You are too injured to fight recklessly!
You are too injured to fight recklessly!
Unknown command.
You are too injured to fight recklessly!
You are too injured to fight recklessly!
You are too injured to fight recklessly!
Firing (i - inventory)
d - 27 arrows (quivered)
Press: ? - help, Shift-Dir - straight line, f/p - Robin
Aim: Robin, wielding a -1 dagger, wearing a cursed -1 animal skin and wearing a +0 helmet (heavily wounded)
You shoot an arrow. The arrow hits Robin.
Robin is almost dead.
The goblin misses you. x2
Firing (i - inventory)
d - 26 arrows (quivered)
Press: ? - help, Shift-Dir - straight line, f/p - Robin
Aim: Robin, wielding a -1 dagger, wearing a cursed -1 animal skin and wearing a +0 helmet (almost dead)
You shoot an arrow. The arrow barely misses Robin.
The goblin hits you with a +0 club!
* * * LOW HITPOINT WARNING * * *
Robin misses you. The goblin hits you.
You die...

#.# #.# #.# #.###
##'## #...# ##...##
###.# ##.....## #.##
##.......## #..##
#.........####...###
'.........'....)÷g.#
#.........#.##(g@#.#
##.......##.##.g##.#
###.....###†##.....#
# ##...## #.#####..#
# ##'## #.# #..# #.#
#.#####..# #.##
#.)).....#
####..##########(##
##................#


You could see Robin and 2 goblins.

Vanquished Creatures
  A dart slug (D:1)
  A ball python (D:1)
  2 bats (D:1)
  A giant cockroach (D:1)
  9 goblins (D:1)
  4 hobgoblins (D:1)
  4 jackals (D:1)
  A frilled lizard (D:1)
  5 kobolds (D:1)
  3 rats (D:1)
31 creatures vanquished.

Notes
Turn   | Place    | Note
-------+----------+-------------------------------------------
     0 | D:1      | MarredHen the Spriggan Hunter began the quest for the Orb.
     0 | D:1      | Reached XP level 1. HP: 10/10 MP: 2/2
    66 | D:1      | Reached skill level 5 in Bows
   676 | D:1      | Reached XP level 2. HP: 15/15 MP: 3/3
   968 | D:2      | Noticed Robin
   980 | D:1      | Reached XP level 3. HP: 12/18 MP: 4/4
  1374 | D:1      | Slain by a goblin

Illustrated notes

Levels and vault maps discovered:
D:1:      dpeg_arrival_pond, layout_loops_corners, minmay_pentomino_u2
D:2:      layout_rooms, minmay_quantized, uniq_robin, uniq_sigmund

Skill      XL: |  1 |
---------------+----+-----
Bows           | 5 |  5.9
Fighting       | |  1.9
Dodging        | |  3.0
Stealth        | |  1.7

Action                   || total
-------------------------++-------
 Fire: Shortbow          ||    74
Armor: Robe              ||     5
Dodge: Dodged            ||    53

Table legend:
 A = Non-vault XP
 B = Vault XP
 C = Vault XP percentage of total XP
 D = Non-vault monster count
 E = Vault monster count
 F = Vault count percentage of total count
                 A         B        C        D         E       F
            +---------+---------+-------+---------+---------+-------
      Total |      38 |      16 |  29.6 |      23 |       8 |  25.8
            +---------+---------+-------+---------+---------+-------
        D:1 |      38 |      16 |  29.6 |      23 |       8 |  25.8
            +---------+---------+-------+---------+---------+-------
